 Dungeon Crawl Stone Soup version 0.23-a0-419-g0174fd8 (webtiles) character file.

29 galech the Skirmisher (level 3, 27/29 HPs)
             Began as a Demonspawn Fighter on Nov 12, 2018.
             Quit the game on level 1 of the Dungeon.
             The game lasted 00:00:49 (515 turns).

galech the Skirmisher (Demonspawn Fighter)           Turns: 515, Time: 00:00:50

Health: 27/29      AC:  9    Str: 16    XL:     3   Next: 1%
Magic:  3/3        EV:  4    Int:  9    God:
Gold:   55         SH:  9    Dex: 13    Spells: 2/2 levels left

rFire    . . .     SeeInvis .   a - +0 war axe
rCold    . . .     Gourm    .   c - +0 shield
rNeg     . . .     Faith    .   j - +0 chain mail
rPois    .         Spirit   +   (helmet restricted)
rElec    .         Reflect  .   (no cloak)
rCorr    .         Harm     .   (no gloves)
MR       .....                  (no boots)
Stlth    ..........             (no amulet)
HPRegen  0.09/turn              (no ring)
MPRegen  0.08/turn              (no ring)

@: no status effects
A: horns 1, magic shield
a: no special abilities


You were on level 1 of the Dungeon.
You were not hungry.

You visited 1 branch of the dungeon, and saw 1 of its levels.

You collected 55 gold pieces.

Inventory:

Hand Weapons
 a - a +0 war axe (weapon)
Armour
 c - a +0 shield (worn)
 e - a +0 helmet
 j - a +0 chain mail (worn)
Scrolls
 b - 2 scrolls of magic mapping {unknown}
 h - 2 scrolls of remove curse {unknown}
Potions
 d - a potion of might
 i - a potion of cancellation {unknown}
 k - a potion of degeneration {unknown}
Comestibles
 f - a ration
 g - 6 chunks of flesh


   Skills:
 + Level 3.3 Fighting
 + Level 2.3 Axes
 + Level 2.9 Armour
 + Level 0.2 Dodging
 + Level 2.9 Shields


You had 2 spell levels left.
You didn't know any spells.
Your spell library was empty.

Dungeon Overview and Level Annotations

Branches:
Dungeon (1/15)

Altars:


Innate Abilities, Weirdness & Mutations

You have a pair of small horns on your head.
When hurt, damage is shared between your health and your magic reserves.


Message History

You kill the rat!
No target in view!
No target in view!
No target in view!
No target in view!
No target in view!
No target in view!
No target in view!
No target in view!
No target in view!
No target in view!
You see here a rat corpse.
You butcher the rat corpse.
g - 4 chunks of flesh (gained 1)
You see here a rat skeleton.
You see here a jackal corpse.
You butcher the jackal corpse.
g - 6 chunks of flesh (gained 2)
You see here a jackal skeleton.
Are you sure you want to abandon this character and quit the game? (Confirm

#...# #...# #...#
#####...###
.........#
#....$..#
#.......#
#..@....####
###>รท.?.....
#.###.##########
#
#.......#......##
###
#####............
... ###.#........
..# #.####...#
#.#
#........#####.#
#.#............#


There were no monsters in sight!

Vanquished Creatures
  2 dart slugs (D:1)
  A leopard gecko (D:1)
  A giant cockroach (D:1)
  2 goblins (D:1)
  2 hobgoblins (D:1)
  5 jackals (D:1)
  A bat (D:1)
  3 frilled lizards (D:1)
  3 kobolds (D:1)
  3 rats (D:1)
23 creatures vanquished.

Notes
Turn   | Place    | Note
-------+----------+-------------------------------------------
     0 | D:1      | galech the Demonspawn Fighter began the quest for the Orb.
     0 | D:1      | Reached XP level 1. HP: 18/18 MP: 1/1
   104 | D:1      | Gained mutation: When hurt, damage is shared between your
                  | health and your magic reserves. [demonic ancestry]
   104 | D:1      | Reached XP level 2. HP: 17/24 MP: 2/2
   507 | D:1      | Gained mutation: You have a pair of small horns on your
                  | head. [demonic ancestry]
   507 | D:1      | Reached XP level 3. HP: 26/29 MP: 3/3
   515 | D:1      | Quit the game

Vault maps used:
D:1:      psy_arrival_fountain

Skill      XL: |  1  2 |
---------------+-------+-----
Axes           | 2 |  2.3
Fighting       | |  3.3
Armour         | |  2.9
Dodging        | |  0.2
Shields        | |  2.9

Action                   || total
-------------------------++-------
Melee: War axe           ||    61
       Headbutt          ||     1
Armor: Scale mail        ||    28
       Chain mail        ||    19
Dodge: Dodged            ||    27
Block: Shield            ||    35

Table legend:
 A = Non-vault XP
 B = Vault XP
 C = Vault XP percentage of total XP
 D = Non-vault monster count
 E = Vault monster count
 F = Vault count percentage of total count
                 A         B        C        D         E       F
            +---------+---------+-------+---------+---------+-------
      Total |      42 |       0 |   0.0 |      23 |       0 |   0.0
            +---------+---------+-------+---------+---------+-------
        D:1 |      42 |       0 |   0.0 |      23 |       0 |   0.0
            +---------+---------+-------+---------+---------+-------
